 Dungeon Crawl Stone Soup version 0.31-a0-1469-gd420192249 (webtiles) character file.

Game seed: 16524108734977507148

54355 Laraso the Grappler (level 14, -21/145 HPs)
             Began as a White Draconian Shapeshifter on Dec 28, 2023.
             Was a High Priest of Qazlal.
             Demolished by a dire elephant simulacrum (31 damage)
             ... animated by a necromancer
             ... on level 5 of the Lair of Beasts.
             The game lasted 00:35:46 (22100 turns).

Laraso the Grappler (White Draconian Shapeshifter) Turns: 22100, Time: 00:35:47

Health: -21/145    AC: 14    Str: 28    XL:     14   Next: 34%
Magic:  19/19      EV: 15    Int: 10    God:    Qazlal [*****.]
Gold:   1756       SH:  7    Dex: 16    Spells: 13/13 levels left

rFire   . .          .
                       - Unarmed
rCold   . . .        r - melded orb {light}
rNeg    + . .        (body armour unavailable)
rPois   +            m - melded +1 hat
rElec   .            h - melded scarf {harm}
rCorr   .            L - melded +1 pair of gloves of a Million Lusting Beds {rC+ Dex+5}
SInv    .            (boots currently unavailable)
Will    +....        i - amulet of magic regeneration
Stlth   +            g - ring of positive energy
HPRegen 0.44/turn    t - +6 ring of strength
MPRegen 0.56/turn

%: repel missiles
@: snake-form, protected from physical damage, slowed, very slow
A: constrict, boosted hp, (breathe frost), AC +8, large, unfitting armour, (cold
resistance 1), (cold-blooded)
a: Begin Untransformation, Renounce Religion, Upheaval, Elemental Force,
Disaster Area


You were on level 5 of the Lair of Beasts.
You worshipped Qazlal.
Qazlal was extremely pleased with you.
You were an enormous serpent.
You visited 3 branches of the dungeon, and saw 19 of its levels.
You also visited: Bailey.

You collected 1756 gold pieces.

Inventory:

Missiles
 d - 17 curare-tipped darts
 Q - 2 throwing nets
Armour
 h - a scarf of harm (melded)
 m - a +1 hat (melded)
 o - an orb of energy
 r - an orb of light (melded)
 L - the +1 pair of gloves of a Million Lusting Beds (melded) {rC+ Dex+5}
   (You acquired it on level 1 of the Lair of Beasts)

   Dex+5:     It affects your dexterity (+5).
   rC+:       It protects you from cold.
Jewellery
 g - a ring of positive energy (left hand)
 i - an amulet of magic regeneration (around neck)
 s - a ring of ice
 t - a +6 ring of strength (right hand)
 E - a ring of wizardry
 F - a ring of fire
 M - a ring of flight
 R - a +6 ring of intelligence
Talismans
 b - a beast talisman
 c - a flux talisman
 J - a blade talisman
 K - a serpent talisman (active)
Wands
 u - a wand of polymorph (8)
 w - a wand of flame (34)
 H - a wand of charming (6)
 O - a wand of acid (9)
Scrolls
 f - 2 scrolls of amnesia
 j - 3 scrolls of enchant weapon
 n - 2 scrolls of blinking
 y - a scroll of torment
 B - 4 scrolls of fog
 C - 3 scrolls of teleportation
 P - a scroll of fear
 S - a scroll of revelation
Potions
 a - a potion of lignification
 e - a potion of might
 k - 2 potions of magic
 l - 5 potions of heal wounds
 p - 2 potions of brilliance
 q - 2 potions of invisibility
 v - 2 potions of haste
 x - 4 potions of curing
 z - 5 potions of attraction
 A - 2 potions of enlightenment
 D - a potion of ambrosia
 G - a potion of resistance
 I - a potion of degeneration {unknown}
 T - a potion of cancellation {unknown}


   Skills:
 - Level 10.0 Fighting
 - Level 10.0 Dodging
 * Level 14.6 Unarmed Combat
 - Level 7.0 Invocations
 - Level 14.0 Shapeshifting


You had 13 spell levels left.
You didn't know any spells.
Your spell library contained the following spells:

 Spells                   Type           Power      Damage    Failure   Level
 Summon Small Mammal      Summ           0%         N/A       36%         1
 Call Canine Familiar     Summ           0%         N/A       75%         3
 Sigil of Binding         Hex            0%         N/A       75%         3
 Tukima's Dance           Hex            0%         N/A       75%         3
 Animate Dead             Necr           0%         N/A       98%         4
 Dimensional Bullseye     Hex/Tloc       0%         N/A       98%         4
 Passage of Golubria      Tloc           0%         N/A       98%         4
 Summon Blazeheart Golem  Fire/Summ      0%         N/A       98%         4
 Summon Forest            Summ/Tloc      0%         N/A       100%        5
 Yara's Violent Unravell  Hex/Alch       0%         3d3       100%        5
 Haunt                    Necr/Summ      0%         N/A       100%        7
 Disjunction              Tloc           0%         N/A       100%        8
 Infestation              Necr           0%         N/A       100%        8


Dungeon Overview and Level Annotations

Branches:
Dungeon (13/15)            Temple (0/1) D:5            Lair (5/5) D:8
 Shoals (0/4) Lair:3       Spider (1/4) Lair:2        Slime (0/5) Lair:4
    Orc (0/2) D:9          Bailey (visited)
 Vaults: D:13-14

Altars:
Cheibriados
Dithmenos
Fedhas
Gozag
Hepliaklqana
Okawaru
Qazlal
Yredelemnul
Zin
The Shining One
Jiyva

Shops:
D:3 (

Annotations:
D:3 3 runed translucent doors, zerowinglad's ghost, amateur MfSh


Innate Abilities, Weirdness & Mutations

You are an enormous serpent.
You have a powerful constriction melee attack.
Your maximum health is increased.
Your armour is entirely melded.
You are incapable of wielding weapons or throwing items.
((You can breathe waves of freezing cold which knock back foes.))
((Your icy white scales are hard. (AC +8)))
You cannot fit into any form of body armour.
((Your flesh is cold resistant. (rC+)))
((You are cold-blooded and may be slowed by cold attacks.))


Message History

The dire elephant misses you. You block the dire elephant's attack.
You hit the dire elephant but do no damage.
The dire elephant is heavily wounded.
The dire elephant tramples you!!
You stumble backwards!
You barely miss the dire elephant.
The dire elephant is heavily wounded.
You body-slam the dire elephant!!
The dire elephant is severely wounded.
The dire elephant tramples you!
You stumble backwards!
You body-slam the dire elephant!!
The dire elephant is severely wounded.
The dire elephant barely misses you. The dire elephant trunk-slaps you.
You lash the dire elephant!
The dire elephant is almost dead.
The dire elephant closely misses you. The dire elephant barely misses you.
You body-slam the dire elephant!!
You kill the dire elephant!
Qazlal accepts your kill.
A freezing mist starts to gather...
A dire elephant simulacrum comes into view.
The necromancer casts a spell at you.
Your body is wracked with pain!
You body-slam the necromancer!!
Your grab misses the necromancer.
The necromancer is severely wounded.
The necromancer points at you and mumbles some strange words.
Your body is wracked with pain!
* * * LOW HITPOINT WARNING * * *
Unknown command.
You closely miss the necromancer. You grab the necromancer.
The necromancer is severely wounded.
You constrict the necromancer.
The dire elephant simulacrum tramples you!
* * * LOW HITPOINT WARNING * * *
You feel protected from physical attacks.
You hold your ground!
The dire elephant simulacrum trunk-slaps you!
* * * LOW HITPOINT WARNING * * *
The dire elephant simulacrum freezes you!!
You feel yourself slow down.
You die...

##~≈≈.##.#.#####...
#~≈≈≈~.#.#..##.#.<.
#~~≈≈~~#.#.........
#..~≈~##.#.....#...
##...~#P.#...#.#...
##'####.##.### ##..
#8.8#...#♣. #P.
###..p#.### ##.
#.#.S##.# #.
##.☼Z.#..# ..
###P.§..#.## ###
#...#####.#
#....'....#
#.^..'..######
#...##8..'...#
##..P#####...#
#.P.## #...#


You could see a necromancer and a dire elephant simulacrum.

Vanquished Creatures
  A dire elephant (Lair:5)
  Harold (Lair:2)
  A hydra (Lair:5)
  A centaur warrior (D:13)
  A catoblepas (Lair:2)
  3 boulder beetles
  A two-headed ogre (D:11)
  7 death yaks
  The ghost of SecretSquirrel the Covert, a novice DsAl of Vehumet (D:9)
  3 spectral dire elephants (Lair:5)
  2 skysharks
  Lodul (D:13)
  An obsidian statue (Lair:5)
  A spectral anaconda (Lair:5)
  3 necromancers (Lair:5)
  Pikel (D:5)
  An orc knight (Bailey)
  A cyclops (D:9)
  An ugly thing (D:12)
  Maurice (D:9)
  A dire elephant zombie (Lair:5)
  2 gargoyles
  A merfolk siren (Lair:3)
  A manticore (D:12)
  3 black mambas
  12 cane toads
  2 torpor snails
  20 elephants
  A kobold demonologist (D:11)
  A rime drake (D:8)
  2 unseen horrors
  A dire elephant skeleton (Lair:5)
  Psyche (D:9)
  9 komodo dragons
  3 trolls
  3 merfolk (Lair:3)
  A polar bear (D:8)
  Grinder (D:3)
  10 blink frogs
  A spectral elephant (Lair:5)
  Prince Ribbit (D:9)
  4 dream sheep
  4 slime creatures
  2 shadows
  3 spriggans (Lair:1)
  4 wraiths
  5 wyverns
  13 yaks
  A steam dragon (D:8)
  6 vampire mosquitoes
  A basilisk (Lair:1)
  7 water moccasins
  4 orc warriors
  2 ice beasts
  2 black bears
  A sky beast (D:7)
  An elephant zombie (Lair:5)
  9 ogres (D:13)
  16 wolves
  3 elephant skeletons (Lair:5)
  A weeping skull (D:6)
  7 centaurs
  8 kobold brigands
  2 gnoll sergeants
  8 bullfrogs
  5 scorpions
  A cane toad simulacrum (Lair:5)
  4 wights (D:7)
  6 elephant simulacra (Lair:5)
  9 killer bees
  3 electric eels
  6 howler monkeys
  9 jellies
  8 orc priests
  Ijyb (D:5)
  2 iguanas
  4 sleepcaps
  9 hell rats
  15 orc wizards
  Robin (D:4)
  17 gnolls
  10 adders
  A shadow imp (D:7)
  3 white imps
  2 worms
  3 dart slugs
  36 orcs
  7 ball pythons
  13 endoplasms
  5 giant cockroaches
  23 goblins
  12 hobgoblins
  4 jackals (D:1)
  5 quokkas
  7 bats
  2 frilled lizards (D:2)
  15 kobolds
  3 rats
  A spectral orc (D:6)
476 creatures vanquished.

Vanquished Creatures (collateral kills)
  3 yaks (Lair:2)
  A water moccasin (Lair:2)
  A black bear (Lair:2)
5 creatures vanquished.

Grand Total: 481 creatures vanquished

Notes
Turn   | Place    | Note
-------+----------+-------------------------------------------
     0 | D:1      | Laraso the Draconian Shapeshifter began the quest for the
                  | Orb.
     0 | D:1      | Reached XP level 1. HP: 16/16 MP: 1/1
   144 | D:1      | Reached XP level 2. HP: 23/23 MP: 2/2
   315 | D:1      | Reached XP level 3. HP: 22/28 MP: 3/3
   739 | D:2      | Reached XP level 4. HP: 33/35 MP: 4/4
  1781 | D:3      | Noticed Grinder
  1787 | D:3      | Paralysed by Grinder for 3 turns
  1793 | D:3      | Killed Grinder
  1794 | D:3      | Reached skill level 5 in Unarmed Combat
  1794 | D:3      | Reached XP level 5. HP: 40/40 MP: 5/5
  1794 | D:3      | Reached XP level 6. HP: 47/47 MP: 6/6
  1838 | D:3      | Found a faded altar of an unknown god.
  1925 | D:3      | Found Qioxkau's Antique Weapon Emporium.
  2265 | D:3      | Found a runed translucent gate.
  2267 | D:3      | Found a runed translucent gate.
  2267 | D:3      | Noticed zerowinglad's ghost (amateur MfSh)
  2268 | D:3      | Found a runed translucent gate.
  2847 | D:4      | Noticed Robin
  2852 | D:4      | Killed Robin
  2924 | D:4      | Found a stormy altar of Qazlal.
  3059 | D:4      | Became a worshipper of Qazlal Stormbringer
  3086 | D:4      | Reached skill level 5 in Shapeshifting
  3508 | D:5      | Entered Level 5 of the Dungeon
  3520 | D:5      | Your scales start taking on an icy white colour.
  3520 | D:5      | Reached XP level 7. HP: 17/52 MP: 7/7
  3520 | D:5      | Gained mutation: Your flesh is cold resistant. (rC+) [White
                  | Draconian growth]
  4035 | D:5      | Noticed Ijyb
  4237 | D:5      | Killed Ijyb
  4312 | D:5      | Noticed Pikel
  4331 | D:5      | Killed Pikel
  4332 | D:5      | Reached XP level 8. HP: 33/59 MP: 8/8
  4855 | D:5      | Found a staircase to the Ecumenical Temple.
  5352 | D:6      | Reached * piety under Qazlal
  5456 | D:6      | Found an iron altar of Okawaru.
  5660 | D:6      | Found a basalt altar of Yredelemnul.
  5711 | D:6      | Reached XP level 9. HP: 63/72 MP: 9/9
  6109 | D:7      | Reached skill level 5 in Fighting
  6255 | D:7      | Found a glowing golden altar of the Shining One.
  6298 | D:7      | Found a snail-covered altar of Cheibriados.
  7424 | D:8      | Reached skill level 5 in Dodging
  7424 | D:8      | Noticed a rime drake
  7426 | D:8      | Noticed a polar bear
  7427 | D:8      | Found a staircase to the Lair.
  7709 | D:8      | Killed a polar bear
  7714 | D:8      | Killed a rime drake
  7715 | D:8      | Reached skill level 10 in Shapeshifting
  8095 | D:8      | Reached ** piety under Qazlal
  8394 | D:8      | Reached XP level 10. HP: 78/81 MP: 10/10
  9006 | D:9      | Found a staircase to the Orcish Mines.
  9645 | D:9      | Reached *** piety under Qazlal
  9661 | D:9      | Got the Compendium of Mutated Locality
  9846 | D:9      | Noticed Maurice
  9853 | D:9      | Maurice stole a ring of ice
  9856 | D:9      | Killed Maurice
  9975 | D:9      | Noticed a cyclops
  9986 | D:9      | Noticed Prince Ribbit
  9988 | D:9      | Noticed Psyche
  9990 | D:9      | Killed a cyclops
  9996 | D:9      | Killed Psyche
 10004 | D:9      | Killed Prince Ribbit
 10202 | D:9      | Found a shadowy altar of Dithmenos.
 10202 | D:9      | Found an opulent altar of Gozag.
 10436 | D:9      | Found a runed translucent door.
 10437 | D:9      | Noticed SecretSquirrel's ghost (novice DsAl)
 10851 | D:9      | Killed SecretSquirrel's ghost
 10900 | D:10     | Entered Level 10 of the Dungeon
 11020 | D:10     | Reached XP level 11. HP: 86/86 MP: 11/11
 11365 | D:10     | Found a hazy altar of Hepliaklqana.
 11468 | D:10     | Found a glowing silver altar of Zin.
 11549 | D:10     | Found a flagged portal.
 11555 | D:10     | Reached **** piety under Qazlal
 11563 | Bailey   | Entered a bailey
 11671 | Bailey   | Noticed an orc knight
 11694 | Bailey   | Killed an orc knight
 11965 | Bailey   | Found a bloodstained altar of Trog.
 11979 | Bailey   | Identified the +7 plate armour "Yfut" {Harm rElec rPois
                  | rF+}
 11980 | Bailey   | Identified the +1 robe of Erghuso {*Corrode rC+++ rN+++
                  | MP-9}
 12283 | D:10     | Found a blossoming altar of Fedhas.
 12512 | D:11     | Reached skill level 1 in Invocations
 12670 | D:11     | Noticed a two-headed ogre
 12671 | D:11     | Noticed a boulder beetle
 12679 | D:11     | Killed a two-headed ogre
 12689 | D:11     | Killed a boulder beetle
 12690 | D:11     | Reached skill level 5 in Invocations
 14428 | D:12     | Noticed a boulder beetle
 14577 | D:12     | Killed a boulder beetle
 14676 | D:12     | Reached XP level 12. HP: 92/94 MP: 17/17
 15299 | D:13     | Noticed a centaur warrior
 15304 | D:13     | Killed a centaur warrior
 15305 | D:13     | Reached skill level 10 in Unarmed Combat
 15343 | D:13     | Noticed Lodul
 15353 | D:13     | Killed Lodul
 15542 | Lair:1   | Entered Level 1 of the Lair of Beasts
 15765 | Lair:1   | Identified a scroll of acquirement
 15765 | Lair:1   | Acquired the +1 pair of gloves of a Million Lusting Beds
                  | {rC+ Dex+5}
 16566 | Lair:2   | Noticed a boulder beetle
 16576 | Lair:2   | Killed a boulder beetle
 16822 | Lair:2   | Found a hole to the Spider Nest.
 16838 | Lair:2   | Noticed Harold
 16846 | Lair:2   | Killed Harold
 16849 | Lair:2   | Reached ***** piety under Qazlal
 16861 | Lair:2   | Reached XP level 13. HP: 74/106 MP: 18/18
 17517 | Spider:1 | Entered Level 1 of the Spider Nest
 18212 | Lair:3   | Found a staircase to the Shoals.
 19060 | Lair:4   | Found a viscous altar of Jiyva.
 19061 | Lair:4   | Found a staircase to the Slime Pits.
 19076 | Lair:4   | Identified the +3 quarterstaff of the Ancients {drain,
                  | rPois rF++ Str+5}
 19531 | Lair:5   | Entered Level 5 of the Lair of Beasts
 19541 | Lair:5   | Reached skill level 10 in Fighting
 19951 | Lair:4   | Reached skill level 10 in Dodging
 20375 | Lair:5   | Noticed a dire elephant
 20549 | Lair:5   | Reached XP level 14. HP: 65/121 MP: 19/19
 22100 | Lair:5   | Demolished by a dire elephant simulacrum

Illustrated notes

Levels and vault maps discovered:
D:1:      giann_wishing_wells, layout_basic
D:2:      layout_basic, minmay_door_square
D:3:      layout_loops_ring, shapermc_ecumenical_altar_notcrosses, serial_shops,
          nicolae_shop_rolling_square, gammafunk_ghost_nasty_kobolds,
          minmay_misc_feat_cross, uniq_grinder
D:4:      layout_basic, mainiacjoe_overflow_tiny_flanked, uniq_robin
D:5:      layout_loops_cross, minmay_temple_entry_stoned_glass, uniq_ijyb,
          uniq_pikel
D:6:      layout_basic, yredelemnul_forgotten_temple_becter,
          kennysheep_okawaru_gauntlet, minmay_misc_feat_square
D:7:      layout_basic, cheibrodos_worm_habitat, lemuel_doored_altar,
          interstate_on_off
D:8:      layout_gridville, hellmonk_lair_entry_icy
D:9:      layout_stronghold, gammafunk_temple_overflow_wave, hiddenorc1_lemuel,
          gammafunk_ghost_grave, uniq_psyche, uniq_maurice, uniq_prince_ribbit1
D:10:     layout_loops_ring, nicolae_overflow_hidden_temple, zin_statuary,
          fedhas_altar_3, lightli_bailey_entry_fortress, fountainhead,
          amcnicky_mini_rare_corridor_liquid
D:11:     layout_irregular_city, abandoned_shop, kennysheep_dice
D:12:     layout_basic
D:13:     layout_loops_corners, hellmonk_vaults_keyhole, fiery_altar_vehumet,
          uniq_lodul
Lair:1:   wad_woods_settlement, layout_loops_ring, infiniplex_staircase_pool_2
Lair:2:   layout_gridlike, dummy_spider_entry, serial_bayou_shore_a,
          lemuel_fruit_tree, uniq_harold
Lair:3:   layout_gridlike, elwin_shoals_entry_stream, minivault_23
Lair:4:   layout_hall_layers, nicolae_slime_entry_slimehenge
Lair:5:   due_jungle_book, layout_loops_ring
Spider:1: layout_spider_delve, uniq_donald

Skill      XL: |  1  2  3  4  5  6  7  8  9 10 11 12 13 14 |
---------------+-------------------------------------------+-----
Unarmed Combat | 4 5 6 7 9 12 13 14 | 14.6
Shapeshifting  | 4 5 7 8 10 13 14 | 14.0
Fighting       | 4 5 7 10 | 10.0
Dodging        | 2 5 6 10 | 10.0
Invocations    | 7 |  7.0

Action                     |  1- 3 |  4- 6 |  7- 9 | 10-12 | 13-15 || total
---------------------------+-------+-------+-------+-------+-------++-------
  Melee: Unarmed           |   106 |   130 |   223 |   636 |   349 ||  1444
         Tailslap          |    13 |    18 |    41 |    95 |    13 ||   180
         Punch             |       |     4 |       |     7 |     2 ||    13
         Constrict         |       |       |       |    18 |    41 ||    59
 Invoke: Upheaval          |       |       |       |     7 |     5 ||    12
         Elemental Force   |       |       |       |     1 |       ||     1
Ability: Begin Untransform |     1 |       |       |     1 |       ||     2
         Breathe Frost     |       |       |    10 |     4 |       ||    14
    Use: Scroll            |     1 |     5 |     7 |    10 |     6 ||    29
         Potion            |       |     1 |     2 |     4 |       ||     7
   Stab: Sleeping          |       |     1 |       |       |       ||     1
 Armour: Skin              |    46 |    61 |   150 |   348 |   221 ||   826
  Dodge: Dodged            |    59 |    70 |   121 |   441 |   172 ||   863
  Block: Other             |       |       |       |    87 |    82 ||   169
   Form: Beast             |     1 |     2 |       |       |       ||     3
                           |       |     2 |       |     1 |       ||     3
         Flux              |       |       |       |     2 |       ||     2
         Blade             |       |       |       |     2 |     1 ||     3
         Serpent           |       |       |       |     1 |     1 ||     2

Table legend: (Time is in decaauts)
 A = Elapsed time spent in this place.
 B = Non-inter-level travel time spent in this place.
 C = Inter-level travel time spent in this place.
 D = Time resting spent in this place.
 E = Time spent auto-exploring this place.
 F = Levels seen in this place.
 G = Mean time per level.
                   A        B        C        D        E       F      G
               +--------+--------+--------+--------+--------+-----+--------+
         Total |  21998 |  21052 |    946 |   6044 |  10990 |  20 | 1099.9 |
       Dungeon |  15059 |  14452 |    607 |   3323 |   8539 |  13 | 1158.4 |
          Lair |   6467 |   6129 |    338 |   2457 |   2386 |   5 | 1293.4 |
   Spider Nest |      5 |      5 |      0 |      0 |      0 |   1 |    5.0 |
        Bailey |    466 |    466 |      0 |    264 |     65 |   1 |  466.0 |
               +--------+--------+--------+--------+--------+-----+--------+

Top non-repeatable levels by time:
     D:9: 1916 daAuts
    D:11: 1791 daAuts
  Lair:4: 1756 daAuts
     D:8: 1679 daAuts
     D:5: 1638 daAuts
  Lair:5: 1566 daAuts
    D:10: 1521 daAuts
     D:7: 1268 daAuts
  Lair:3: 1112 daAuts
     D:2: 1065 daAuts
  Lair:2: 1065 daAuts
     D:3: 1048 daAuts
     D:4: 974 daAuts
  Lair:1: 966 daAuts
     D:6: 749 daAuts
